 Dungeon Crawl Stone Soup version 0.28.0 (webtiles) character file.

Game seed: 12145893585669315451

46 Alacron the Cutter (level 3, 0/24 HPs)
             Began as a Kobold Berserker on Feb 16, 2022.
             Was a Believer of Trog.
             Succumbed to an adder's poison
             ... on level 2 of the Dungeon.
             The game lasted 00:02:18 (2188 turns).

Alacron the Cutter (Kobold Berserker)               Turns: 2188, Time: 00:02:18

Health: 0/24       AC:  8    Str: 16    XL:     3   Next: 95%
Magic:  3/3        EV:  9    Int:  8    God:    Trog [**....]
Gold:   39         SH:  0    Dex: 14    Spells: 2/2 levels left

rFire   . . .      SeeInvis .   a - +0 short sword
rCold   . . .      Faith    .   (no shield)
rNeg    . . .      Spirit   .   g - +0 chain mail
rPois   .          Reflect  .   (no helmet)
rElec   .          Harm     .   (no cloak)
rCorr   .          Rampage  .   (no gloves)
Will    .....                   (no boots)
Stlth   ..........              (no amulet)
HPRegen 0.08/turn               (no ring)
MPRegen 0.08/turn               (no ring)

@: lethally poisoned (0 -> -5)
A: small, no large weapons, nightstalker 3
a: Renounce Religion, Berserk, Trog's Hand


You were on level 2 of the Dungeon.
You worshipped Trog.
Trog was pleased with you.
You visited 1 branch of the dungeon, and saw 2 of its levels.

You collected 39 gold pieces.

Inventory:

Hand Weapons
 a - a +0 short sword (weapon)
Armour
 g - a +0 chain mail (worn)
Scrolls
 b - a scroll of enchant armour {unknown}
 c - a scroll of identify {unknown}
Potions
 d - a potion of heal wounds {unknown}
 e - a potion of berserk rage {unknown}
 f - a potion of lignification {unknown}


   Skills:
 + Level 3.6 Fighting
 + Level 4.9 Short Blades
 - Level 1.5 Armour
 * Level 3.1 Dodging
 + Level 1.4 Stealth


You had 2 spell levels left.
You didn't know any spells.
Your spell library was empty.

Dungeon Overview and Level Annotations

Branches:
Dungeon (2/15)

Altars:
Xom


Innate Abilities, Weirdness & Mutations

You are small and have problems with some larger weapons.
You are completely attuned to the shadows.


Message History

There are monsters nearby!
You are too injured to fight recklessly!
There are monsters nearby!
You are too injured to fight recklessly!
There are monsters nearby!
You are too injured to fight recklessly!
There are monsters nearby!
You are too injured to fight recklessly!
There are monsters nearby!
You are too injured to fight recklessly!
There are monsters nearby!
You are too injured to fight recklessly!
There are monsters nearby!
You hit the adder but do no damage.
The adder is heavily wounded.
You feel sick. The adder bites you but does no damage.
The ball python bites you. The ball python constricts you.
You hit the adder.
The adder is almost dead.
You feel sick. The adder barely misses you.
The ball python bites you but does no damage.
The ball python constricts you.
You barely miss the adder.
The adder is almost dead.
The adder bites you.
* * * LOW HITPOINT WARNING * * *
You are lethally poisoned!
The adder poisons you!
The ball python bites you but does no damage.
The ball python constricts you.
You barely miss the adder.
The adder is almost dead.
* * * LOW HITPOINT WARNING * * *
You feel sick. The adder closely misses you.
The ball python bites you but does no damage.
The ball python constricts you. The adder barely misses you.
You escape the ball python's grasp.
* * * LOW HITPOINT WARNING * * *
You feel sick.
You die...

...........# #.###....
####.......# #.# #....
#.......# #.# #....
####.......# #.# #...)
........#### #....
........# #....
........# #....
........###############
#....
................@.S.g..
#....
.........)........S....
##.._
....................
##...
####...........#####
#.... #...........#
#####.... ......)..
......... .........
......#'#


You could see an adder, a goblin and a ball python.

Vanquished Creatures
  An adder (D:2)
  4 endoplasms (D:1)
  7 goblins
  2 hobgoblins
  3 quokkas
  5 ball pythons
  4 bats
  A frilled lizard (D:1)
  3 kobolds
  2 rats (D:1)
32 creatures vanquished.

Notes
Turn   | Place    | Note
-------+----------+-------------------------------------------
     0 | D:1      | Alacron the Kobold Berserker began the quest for the Orb.
     0 | D:1      | Reached XP level 1. HP: 14/14 MP: 1/1
   222 | D:1      | Reached XP level 2. HP: 19/19 MP: 2/2
   671 | D:1      | Found a faded altar of an unknown god.
  1361 | D:1      | Reached XP level 3. HP: 23/23 MP: 3/3
  1620 | D:2      | Reached skill level 1 in Stealth
  1693 | D:2      | Found a shimmering altar of Xom.
  2108 | D:2      | Reached ** piety under Trog
  2187 | D:2      | HP: 1/24 [poisoned by an adder]
  2188 | D:2      | Succumbed to an adder's poison

Illustrated notes

Levels and vault maps discovered:
D:1:      minmay_arrival_nine_rooms, layout_loops_cross,
          shapermc_ecumenical_altar_mp_highgroup
D:2:      kennysheep_big_flooded_room, layout_basic, basic_altar

Skill      XL: |  1  2  3 |
---------------+----------+-----
Dodging        | 3 |  3.1
Stealth        | 1 |  1.4
Fighting       | |  3.6
Short Blades   | |  4.9
Armour         | |  1.5

Action                   || total
-------------------------++-------
Melee: Short sword       ||   137
 Stab: Sleeping          ||     7
Armor: Animal skin       ||     4
       Chain mail        ||    36
Dodge: Dodged            ||    60
